 Dungeon Sprint DCSS version 0.21-a0-91-ga5031da (webtiles) character file.

6213 Kidiri the Martial Artist (level 10, -6/80 HPs)
             Began as a Demonspawn Transmuter on June 28, 2017.
             Was the Champion of Wu Jian.
             Blown up by a great orb of eyes (40 damage)
             ... with a disintegration bolt
             ... in the Dungeon (Sprint VII: "The Pits").
             The game lasted 00:08:33 (1765 turns).

Kidiri the Martial Artist (Demonspawn Transmuter)   Turns: 1765, Time: 00:08:34

Health: -6/80      AC:  2    Str: 11    XL:     10   Next: 61%
Magic:  16/20      EV: 25    Int: 15    God:    Wu Jian [******]
Gold:   0          SH:  0    Dex: 22    Spells: 8/23 levels left

rFire    . . .     SeeInvis .     - Unarmed
rCold    . . .     Gourm    .   (shield currently unavailable)
rNeg     . . .     Faith    .   b - +0 robe
rPois    .         Spirit   .   (no helmet)
rElec    .         Reflect  .   (no cloak)
rCorr    .         Harm     .   (gloves currently unavailable)
MR       .....     NoTele   +   (no boots)
Stlth    ++........             (no amulet)
HPRegen  0.23/turn              r - +3 ring of dexterity
MPRegen  0.17/turn              s - +3 ring of dexterity

@: blade hands (expiring), glowing, repel missiles, heavenly storm
A: talons 2, repulsion field 3, powered by pain 2
a: End Transformation, Serpent's Lash, Heavenly Storm, Renounce Religion


You were in the Dungeon.
You worshipped Wu Jian.
Wu Jian was exalted by your worship.
You were not hungry.
You had blades for hands.
You visited 1 branch

Inventory:

Missiles
 a - 24 arrows
Armour
 b - a +0 robe (worn)
 v - a +0 pair of gloves (melded)
Jewellery
 r - a +3 ring of dexterity (left scythe-like blade)
 s - a +3 ring of dexterity (right scythe-like blade)
Scrolls
 j - a scroll of blinking
 l - 3 scrolls of remove curse
 m - 5 scrolls of amnesia
 n - a scroll of summoning
Potions
 e - 6 potions of curing
 f - 6 potions of heal wounds
 g - 3 potions of haste
 h - 4 potions of magic
 i - 3 potions of berserk rage
 k - 2 potions of invisibility
 t - 2 potions of agility
 u - a potion of brilliance
Comestibles
 c - 3 chunks of flesh
 d - 8 bread rations
 o - 40 fruits
 p - 7 meat rations


   Skills:
 + Level 7.8 Fighting
 + Level 7.2 Armour
 * Level 10.1 Dodging
 + Level 7.6 Stealth
 * Level 10.2 Unarmed Combat
 + Level 7.2 Spellcasting
 * Level 10.0 Transmutations
 + Level 5.9 Ice Magic
 + Level 7.0 Poison Magic


You had 8 spell levels left.
You knew the following spells:

 Your Spells              Type           Power        Failure   Level  Hunger
a - Beastly Appendage     Tmut           #####.       9%          1    None
b - Sticks to Snakes      Tmut           #####...     10%         2    None
c - Spider Form           Tmut/Pois      ####......   16%         3    ##.....
d - Ice Form              Ice/Tmut       ####....     32%         4    ####...
e - Blade Hands           Tmut           #####.....   34%         5    #####..


Dungeon Overview and Level Annotations

Branches:
Dungeon (1/1)

Altars:
Ashenzari
Cheibriados
Dithmenos
Elyvilon
Fedhas
Gozag
Hepliaklqana
Kikubaaqudgha
Makhleb
Nemelex Xobeh
Okawaru
Qazlal
Ru
Sif Muna
Trog
Uskayaw
Vehumet
Wu Jian
Xom
Yredelemnul
Zin
The Shining One
Beogh
Jiyva
Lugonu

Annotations:
D Sonja


Innate Abilities, Weirdness & Mutations

You have razor-sharp toenails.
You are surrounded by a strong repulsion field. (EV +4, RMsl)
You sometimes gain power by taking damage.


Message History

You spin and attack the great orb of eyes.
You slice the great orb of eyes!!
The great orb of eyes is heavily wounded.
The great orb of eyes closely misses you.
The orange demon completely misses you.
You spin and attack the great orb of eyes.
You slash the great orb of eyes!
The great orb of eyes is severely wounded.
The great orb of eyes completely misses you.
The orange demon stings you from afar!
Unknown command.
You attack the great orb of eyes from above.
You slice the great orb of eyes!!
The great orb of eyes is almost dead.
You attack the orange demon from above.
You slash the orange demon!
The orange demon is moderately wounded.
The great orb of eyes gazes at you.
You are blasted!
Ouch! That really hurt!
You die...

(..##..# .......##
..##...+ .......#
.##....### ...G..##
(#......(###......#
.+........)##.....#
.#....####..##§§§.#+
.##..##..##.§§§§§§§#+
..##.÷....'..#§G4§§.##+
#..#.##..##..#§s@§§...#
+..+..####...##§§§#####
#..##.........##§##
############### ##


You could see a great orb of eyes, an orange demon and a jumping spider.

Vanquished Creatures
  Harold (D)
  An unseen horror (D)
  A swamp dragon (D)
  2 cyclopes (D)
  A gargoyle (D)
  2 kobold demonologists (D)
  2 efreet (D)
  A ynoxinul (D)
  3 yaks (D)
  A shadow (D)
  Grum (D)
  A hungry ghost (D)
  A floating eye (D)
  A black bear (D)
  2 ice beasts (D)
  A centaur (D)
  An eye of draining (D)
  3 wolves (D)
  3 big kobolds (D)
  2 bullfrogs (D)
  A scorpion (D)
  A gnoll shaman (D)
  An iguana (D)
  2 worker ants (D)
  5 gnolls (D)
  2 adders (D)
  A river rat (D)
  An ufetubus (D)
  A worm (D)
  A leopard gecko (D)
  A bat (D)
  A bat skeleton (D)
  3 goblins (D)
  2 quokkas (D)
  3 kobolds (D)
57 creatures vanquished.

Notes
Turn   | Place    | Note
-------+----------+-------------------------------------------
     0 | D        | Kidiri the Demonspawn Transmuter began the quest for the Orb.
     0 | D        | Reached XP level 1. HP: 15/15 MP: 3/3
    49 | D        | Found a bloodstained altar of Trog.
    49 | D        | Found a deep blue altar of Sif Muna.
    49 | D        | Found a viscous altar of Jiyva.
    49 | D        | Found a hazy altar of Hepliaklqana.
    49 | D        | Found an opulent altar of Gozag.
    50 | D        | Found a glowing golden altar of the Shining One.
    50 | D        | Found a glowing silver altar of Zin.
    50 | D        | Found a basalt altar of Yredelemnul.
    50 | D        | Found a shimmering altar of Xom.
    50 | D        | Found an ornate altar of the Wu Jian Council.
    50 | D        | Found a sacrificial altar of Ru.
    50 | D        | Found a stormy altar of Qazlal.
    50 | D        | Found an iron altar of Okawaru.
    50 | D        | Found a sparkling altar of Nemelex Xobeh.
    50 | D        | Found a burning altar of Makhleb.
    50 | D        | Found a blossoming altar of Fedhas.
    50 | D        | Found a white marble altar of Elyvilon.
    50 | D        | Found a shadowy altar of Dithmenos.
    50 | D        | Found a snail-covered altar of Cheibriados.
    52 | D        | Found a radiant altar of Vehumet.
    52 | D        | Found a corrupted altar of Lugonu.
    52 | D        | Found a roughly hewn altar of Beogh.
    53 | D        | Found a hide-covered altar of Uskayaw.
    53 | D        | Found an ancient bone altar of Kikubaaqudgha.
    53 | D        | Found a shattered altar of Ashenzari.
    59 | D        | Became a worshipper of the Wu Jian Council
    76 | D        | Noticed a floating eye
    80 | D        | Killed a floating eye
    80 | D        | Gained mutation: You have sharp toenails. [demonic ancestry]
    80 | D        | Reached XP level 2. HP: 23/23 MP: 3/6
    80 | D        | Gained mutation: You are surrounded by a mild repulsion field. (EV +2) [demonic ancestry]
    80 | D        | Reached XP level 3. HP: 28/28 MP: 3/7
    80 | D        | Gained mutation: You sometimes gain a little power by taking damage. [demonic ancestry]
    80 | D        | Reached XP level 4. HP: 34/34 MP: 3/8
    97 | D        | Learned a level 2 spell: Sticks to Snakes
   101 | D        | Learned a level 3 spell: Spider Form
   340 | D        | Reached * piety under Wu Jian
   545 | D        | Reached ** piety under Wu Jian
   549 | D        | Reached XP level 5. HP: 41/41 MP: 4/9
   551 | D        | Reached skill level 1 in Poison Magic
   592 | D        | Reached *** piety under Wu Jian
   605 | D        | Reached skill level 5 in Unarmed Combat
   647 | D        | Learned a level 4 spell: Ice Form
   704 | D        | Noticed a hungry ghost
   710 | D        | Noticed an ice beast
   711 | D        | Reached **** piety under Wu Jian
   711 | D        | Reached skill level 5 in Dodging
   711 | D        | Reached skill level 5 in Transmutations
   724 | D        | Killed a hungry ghost
   724 | D        | Reached skill level 1 in Ice Magic
   724 | D        | Gained mutation: You are surrounded by a moderate repulsion field. (EV +3) [demonic ancestry]
   724 | D        | Reached XP level 6. HP: 49/49 MP: 9/12
   734 | D        | Killed an ice beast
   746 | D        | Reached ***** piety under Wu Jian
   770 | D        | Gained mutation: You are surrounded by a strong repulsion field. (EV +4, RMsl) [demonic ancestry]
   770 | D        | Reached XP level 7. HP: 55/55 MP: 9/13
   777 | D        | Noticed a ynoxinul
   783 | D        | Killed a ynoxinul
   783 | D        | Reached skill level 5 in Fighting
   806 | D        | Learned a level 5 spell: Blade Hands
   955 | D        | Noticed Grum
   955 | D        | Noticed a gargoyle
   958 | D        | Killed a gargoyle
   958 | D        | Reached skill level 5 in Armour
   958 | D        | Reached skill level 5 in Stealth
   958 | D        | Reached skill level 5 in Spellcasting
   958 | D        | Gained mutation: You sometimes gain power by taking damage. [demonic ancestry]
   958 | D        | Reached XP level 8. HP: 48/63 MP: 9/15
   958 | D        | Killed Grum
  1081 | D        | Noticed an efreet
  1087 | D        | Killed an efreet
  1087 | D        | Reached skill level 5 in Poison Magic
  1175 | D        | Noticed a kobold demonologist
  1176 | D        | Noticed a kobold demonologist
  1177 | D        | Noticed a cyclops
  1185 | D        | Noticed an unseen horror
  1186 | D        | Gained mutation: You have razor-sharp toenails. [demonic ancestry]
  1186 | D        | Reached XP level 9. HP: 65/69 MP: 13/17
  1193 | D        | Killed an unseen horror
  1195 | D        | Killed a cyclops
  1196 | D        | Noticed an orange demon
  1199 | D        | Killed a kobold demonologist
  1199 | D        | Reached skill level 5 in Ice Magic
  1200 | D        | Noticed Harold
  1200 | D        | Killed a kobold demonologist
  1203 | D        | Killed Harold
  1203 | D        | Reached XP level 10. HP: 28/79 MP: 18/20
  1203 | D        | Noticed a swamp dragon
  1203 | D        | Reached ****** piety under Wu Jian
  1207 | D        | Noticed Sonja
  1210 | D        | Killed a swamp dragon
  1499 | D        | Noticed a cyclops
  1501 | D        | Killed a cyclops
  1501 | D        | Reached skill level 10 in Unarmed Combat
  1511 | D        | Reached skill level 10 in Dodging
  1511 | D        | Reached skill level 10 in Transmutations
  1756 | D        | Noticed a great orb of eyes
  1757 | D        | Noticed an orange demon
  1758 | D        | Noticed a great orb of eyes
  1765 | D        | Blown up by a great orb of eyes

Vault maps used:
D:        pitsprint

Skill      XL: |  1  2  3  4  5  6  7  8  9 10 |
---------------+-------------------------------+-----
Dodging        | 4 5 6 7 8 9 10 | 10.1
Transmutations | 3 4 5 6 7 8 9 10 | 10.0
Fighting       | 2 3 4 5 6 7 |  7.8
Armour         | 2 3 4 5 6 7 |  7.2
Stealth        | 2 3 4 5 7 |  7.6
Unarmed Combat | 4 6 7 8 9 10 | 10.2
Spellcasting   | 3 4 5 6 7 |  7.2
Poison Magic   | 3 4 5 6 7 |  7.0
Ice Magic      | 1 2 3 4 5 |  5.9

Action                   |  1- 3 |  4- 6 |  7- 9 | 10-12 || total
-------------------------+-------+-------+-------+-------++-------
Melee: Unarmed           |     6 |    65 |    49 |    41 ||   161
       Headbutt          |     2 |     4 |       |       ||     6
       Kick              |     1 |     6 |     8 |    11 ||    26
       Punch             |       |       |     1 |     1 ||     2
 Cast: Beastly Appendage |     2 |     3 |       |       ||     5
       Spider Form       |       |     5 |       |       ||     5
       Sticks to Snakes  |       |     1 |       |       ||     1
       Blade Hands       |       |       |     4 |     4 ||     8
       Ice Form          |       |       |     1 |       ||     1
Invok: Serpent's Lash    |       |       |     3 |     1 ||     4
       Heavenly Storm    |       |       |     2 |     1 ||     3
  Use: Potion            |       |       |       |     4 ||     4
 Stab: Sleeping          |       |     2 |     4 |     1 ||     7
       Distracted        |       |       |       |     1 ||     1
  Eat: Chunk             |       |       |     2 |     4 ||     6
Armor: Robe              |     1 |     1 |     2 |     1 ||     5
Dodge: Dodged            |     1 |    52 |    44 |    28 ||   125
       Deflected         |       |       |     1 |     1 ||     2
